[Event "fics rated crazyhouse match"]
[Site "fics, Oklahoma City, OK USA"]
[Date "2000.01.17"]
[White "Leech"]
[WhiteElo "2263"]
[Black "pminear"]
[BlackElo "2290"]
[TimeControl "180+0"]
[Result "1-0"]

1. e4 Nf6 2. e5 Nd5 3. Bc4 Nb6 4. Bxf7+ Kxf7 5. Nf3 d6 6. d4 
c6 7. Nc3 B@e6 8. O-O Ke8 9. P@c5 Nd5 10. cxd6 exd6 11. exd6 Bxd6 
12. Nxd5 Bxd5 13. P@c5 Bc7 14. P@d6 Ba5 15. Bd2 N@e6 16. Bxa5 Qxa5 17. B@c7 
Nxc7 18. dxc7 Qxc7 19. N@d6+ Kf8 20. Nxc8 Qxc8 21. N@d6 Qc7 22. c4 Bg8 
23. Ne5 P@e7 24. Qf3+ P@f6 25. Ne4 N@c8 26. Nd3 Bxc4 27. b3 Bxd3 28. Qxd3 
B@f7 29. B@g3 P@f4 30. Bxf4 Qxf4 31. B@g3 Qg4 32. h3 Qd7 33. Bxb8 Rxb8 
34. P@d6 exd6 35. cxd6 Nxd6 36. Nxd6 Qxd6 37. N@f5 Qd7 38. P@e7+ Kg8 39. Qg3 
N@e2+ 40. Kh2 Nxg3 41. N@h6+ gxh6 42. Nxh6+ Kg7 43. fxg3 Kxh6 44. N@f5+ Kg6 
45. Rf4 B@g5 46. Nh4+ Bxh4 47. Rxh4 B@g5 48. B@d3+ P@f5 49. P@h5+ Kg7 50. Rf1 
P@f4 51. Rg4 fxg3+ 52. Rxg3 P@h4 53. P@f2 hxg3+ 54. fxg3 P@h4 55. P@f2 hxg3+ 
56. fxg3 P@h4 
{pminear forfeits on time} 1-0

[Event "fics rated crazyhouse match"]
[Site "fics, Oklahoma City, OK USA"]
[Date "2000.01.17"]
[White "pminear"]
[WhiteElo "2281"]
[Black "Leech"]
[BlackElo "2272"]
[TimeControl "180+0"]
[Result "0-1"]

1. e4 e6 2. Nc3 Nf6 3. e5 Nd5 4. Ne4 Nc6 5. Nf3 d6 6. d4 
Be7 7. Be2 O-O 8. O-O f5 9. exf6 Nxf6 10. Nxf6+ Bxf6 11. N@h5 P@e4 
12. Nxf6+ Qxf6 13. Ng5 Nxd4 14. Nxe4 Nxe2+ 15. Qxe2 Qe7 16. B@c3 P@f3 17. gxf3 
N@h3+ 18. Kh1 N@f4 19. Bxf4 Nxf4 20. Rg1 B@h3 21. N@h6+ Kh8 22. Rxg7 e5 
23. N@f7+ Kxg7 
{pminear resigns} 0-1

[Event "fics rated crazyhouse match"]
[Site "fics, Oklahoma City, OK USA"]
[Date "2000.01.17"]
[White "Leech"]
[WhiteElo "2280"]
[Black "pminear"]
[BlackElo "2273"]
[TimeControl "180+0"]
[Result "0-1"]

1. e4 Nf6 2. e5 Nd5 3. Bc4 Nb6 4. Bxf7+ Kxf7 5. Nf3 d6 6. d4 
c6 7. e6+ Kxe6 8. c4 Nxc4 9. Qe2+ Kd7 10. P@e6+ Kc7 11. Qxc4 b5 
12. Qc2 Bxe6 13. O-O B@g6 14. Qd2 Na6 15. Nc3 P@g4 16. Ng5 P@f7 17. d5 
cxd5 18. Nxd5+ Bxd5 19. Qxd5 P@c6 20. N@e6+ fxe6 21. Nxe6+ Kd7 22. Qxc6+ Kxc6 
23. Nxd8+ Rxd8 24. P@d5+ Kxd5 25. B@b7+ P@c6 26. Rd1+ P@d3 27. Q@g5+ N@e5 28. Bxa6 
N@h3+ 29. gxh3 N@f3+ 30. Kh1 Nxg5 31. N@f4+ Kc5 32. Be3+ Kb4 33. P@g2 Ka5 
34. Bb7 c5 
{Leech forfeits on time} 0-1

[Event "fics rated crazyhouse match"]
[Site "fics, Oklahoma City, OK USA"]
[Date "2000.01.17"]
[White "pminear"]
[WhiteElo "2281"]
[Black "Leech"]
[BlackElo "2272"]
[TimeControl "180+0"]
[Result "1-0"]

1. e4 e6 2. Nc3 Nf6 3. e5 Nd5 4. Ne4 Nc6 5. Nf3 d6 6. d4 
Be7 7. Be2 O-O 8. O-O f5 9. exf6 Nxf6 10. Nxf6+ Bxf6 11. N@h5 P@e4 
12. Nxf6+ Qxf6 13. B@g5 exf3 14. Bxf6 fxe2 15. Bxg7 N@h3+ 16. Kh1 exf1=Q+ 17. Qxf1 
Nxf2+ 18. Qxf2 R@f1+ 19. N@g1 R8xf2 20. Q@h8+ Kf7 21. Qf8+ Kg6 22. P@h5+ Kxh5 
23. P@g4+ Kxg4 24. Qxf2 Rxf2 25. R@g5+ Kh4 26. P@g3# 
{Leech checkmated} 1-0

[Event "fics rated crazyhouse match"]
[Site "fics, Oklahoma City, OK USA"]
[Date "2000.01.17"]
[White "Leech"]
[WhiteElo "2264"]
[Black "pminear"]
[BlackElo "2289"]
[TimeControl "180+0"]
[Result "1-0"]

1. e4 Nf6 2. e5 Ne4 3. Qf3 d5 4. d3 Nc5 5. Nc3 e6 6. Nh3 
Nc6 7. Bf4 d4 8. Ne4 Nxe4 9. Qxe4 Bb4+ 10. Kd1 N@a4 11. Rb1 Bc3 
12. Bc1 Bxb2 13. Bxb2 Nxb2+ 14. Rxb2 B@f5 15. Qe1 Bxh3 16. gxh3 Qd5 17. B@g2 
P@f3 18. B@e4 fxg2 19. Bxd5 gxh1=Q 20. Bxh1 B@a3 21. Bxc6+ bxc6 22. P@f6 B@f8 
23. fxg7 Bxg7 24. N@f6+ Kd8 25. N@g8 R@e8 26. P@b7 
{pminear forfeits on time} 1-0

[Event "fics rated crazyhouse match"]
[Site "fics, Oklahoma City, OK USA"]
[Date "2000.01.17"]
[White "pminear"]
[WhiteElo "2280"]
[Black "Leech"]
[BlackElo "2273"]
[TimeControl "180+0"]
[Result "1-0"]

1. e4 e6 2. Nc3 Nf6 3. e5 Nd5 4. Ne4 d6 5. Nf3 Nc6 6. d4 
Be7 7. Be2 O-O 8. O-O f5 9. Ng3 dxe5 10. Nxe5 P@f6 11. Nxc6 bxc6 
12. Bh5 N@f4 13. Bf3 Ba6 14. Re1 Rb8 15. P@b3 c5 16. c4 Nxg2 17. Bxg2 
Nb4 18. a3 cxd4 19. axb4 Bxb4 20. Rxe6 P@f7 21. Rexa6 P@e3 22. fxe3 dxe3 
23. Bxe3 Qxd1+ 24. Rxd1 P@c2 25. Rf1 P@d2 26. N@h6+ gxh6 27. Bxd2 Bc5+ 28. B@e3 
Bxe3+ 29. Bxe3 B@g7 30. Nxf5 N@e2+ 31. Kh1 c1=Q 32. Bxc1 Nxc1 33. N@e7+ Kh8 
34. Nxg7 B@g6 35. Nh5 Bxh5 36. P@g7+ Kxg7 37. N@f5+ Kh8 38. Q@g7# 
{Leech checkmated} 1-0

[Event "fics rated crazyhouse match"]
[Site "fics, Oklahoma City, OK USA"]
[Date "2000.01.17"]
[White "BLUNDERMONSTER"]
[WhiteElo "2255"]
[Black "Marat"]
[BlackElo "2203"]
[TimeControl "180+0"]
[Result "1-0"]

1. e4 e5 2. Nf3 Nf6 3. Nc3 Nc6 4. Bc4 Bc5 5. O-O d6 6. d3 
Bg4 7. Bg5 Nd4 8. Bxf6 Qxf6 9. Nd5 Qd8 10. Nxd4 Bxd1 11. Nf5 B@f6 
12. Raxd1 Rc8 13. N@h5 Rg8 14. Ndxf6+ gxf6 15. Bxf7+ Kxf7 16. P@e6+ Kg6 17. B@f7+ 
Kg5 18. h4+ Kg4 19. B@f3# 
{Marat checkmated} 1-0

[Event "fics rated crazyhouse match"]
[Site "fics, Oklahoma City, OK USA"]
[Date "2000.01.17"]
[White "Leech"]
[WhiteElo "2265"]
[Black "pminear"]
[BlackElo "2288"]
[TimeControl "180+0"]
[Result "0-1"]

1. e4 Nf6 2. e5 Ne4 3. Qf3 d5 4. d3 Nc5 5. Nc3 e6 6. Nh3 
Nc6 7. Bf4 Bd7 8. Qg3 d4 9. Ne4 Nxe4 10. dxe4 N@h5 11. Qf3 Nxf4 
12. Qxf4 Bb4+ 13. N@d2 Nxe5 14. Qxe5 B@f6 15. Qf4 e5 16. Qxf6 Qxf6 17. B@g5 
Qxg5 18. Nxg5 Bxd2+ 19. Kxd2 B@f4+ 20. B@e3 dxe3+ 21. fxe3 Bxg5 22. P@f2 B@b6 
23. N@d5 Rd8 24. Nxb6 axb6 25. Bd3 P@d4 26. B@g1 Q@b4+ 27. Ke2 Bg4+ 28. f3 
dxe3 29. Bxe3 Bxe3 30. fxg4 Qd2+ 31. Kf3 Qf2# 
{Leech checkmated} 0-1

[Event "fics rated crazyhouse match"]
[Site "fics, Oklahoma City, OK USA"]
[Date "2000.01.17"]
[White "pminear"]
[WhiteElo "2295"]
[Black "Pendor"]
[BlackElo "2151"]
[TimeControl "180+0"]
[Result "1-0"]

1. e4 Nf6 2. Nc3 e5 3. Nf3 Nc6 4. Bc4 Bc5 5. d3 d6 6. Bg5 
h6 7. Bh4 g5 8. Bg3 Bg4 9. Nd5 Nxd5 10. Bxd5 Nd4 11. Bxf7+ Kxf7 
12. Nxe5+ dxe5 13. Qxg4 Nxc2+ 14. Kd2 Qxd3+ 15. Kxd3 N@b4+ 16. Kd2 P@e3+ 17. Kd1 
Rhd8+ 18. P@d5 Rxd5+ 19. exd5 e2+ 20. Qxe2 B@f5 21. B@e6+ Bxe6 22. dxe6+ Kxe6 
23. Qxe5+ Kd7 24. Q@e6+ Kd8 25. R@e8# 
{Pendor checkmated} 1-0

[Event "fics rated crazyhouse match"]
[Site "fics, Oklahoma City, OK USA"]
[Date "2000.01.17"]
[White "Pendor"]
[WhiteElo "2138"]
[Black "pminear"]
[BlackElo "2300"]
[TimeControl "180+0"]
[Result "0-1"]

1. e4 e5 2. Nf3 Nc6 3. Bc4 Bc5 4. O-O Nf6 5. d3 d6 6. Bg5 
Bg4 7. h3 Bh5 8. g4 Bg6 9. Nc3 h6 10. Bh4 Bh7 11. Nd5 g5 
12. Nxg5 Nxd5 13. P@g7 Rg8 14. Nxh7 Qxh4 15. exd5 Qg3+ 16. B@g2 N@h4 17. Nf6+ 
Kd8 18. N@e1 Nxg2 19. Nxg2 B@f3 20. Qxf3 Qxf3 21. dxc6 Qxg2+ 22. Kxg2 N@f4# 
{Pendor forfeits on time} 0-1

[Event "fics rated crazyhouse match"]
[Site "fics, Oklahoma City, OK USA"]
[Date "2001.01.17"]
[White "Blechkiste"]
[WhiteElo "2362"]
[Black "JiggaB"]
[BlackElo "2300"]
[TimeControl "60+0"]
[Result "1-0"]

1. e4 e6 2. d4 Nc6 3. Be3 Nf6 4. Bd3 Bb4+ 5. c3 Be7 6. Nd2 
b6 7. Nh3 Bb7 8. Qf3 d6 9. Ng5 O-O 10. Qh3 d5 11. exd5 exd5 
12. Bxh7# 
{JiggaB resigns} 1-0

[Event "fics rated crazyhouse match"]
[Site "fics, Oklahoma City, OK USA"]
[Date "2001.01.17"]
[White "LINDEGREN"]
[WhiteElo "2328"]
[Black "Blechkiste"]
[BlackElo "2386"]
[TimeControl "180+0"]
[Result "0-1"]

1. e4 e6 2. Nc3 Nc6 3. d4 Nf6 4. e5 Nd5 5. Nxd5 exd5 6. Nf3 
N@e4 7. Bb5 Bb4+ 8. N@d2 Nxd4 9. Nxd4 Nxf2 10. Qf3 Nxh1 11. N@h3 Qh4+ 
12. g3 Qxd4 
{LINDEGREN resigns} 0-1

[Event "fics rated crazyhouse match"]
[Site "fics, Oklahoma City, OK USA"]
[Date "2001.01.17"]
[White "Blechkiste"]
[WhiteElo "2393"]
[Black "LINDEGREN"]
[BlackElo "2321"]
[TimeControl "180+0"]
[Result "0-1"]

1. e4 Nf6 2. Nc3 Nc6 3. d4 d5 4. e5 Ne4 5. Nxe4 dxe4 6. Be3 
e6 7. N@g5 N@f5 8. Nxe4 Bb4+ 9. c3 Be7 10. Bf4 O-O 11. P@f6 gxf6 
12. exf6 Bxf6 13. Bxc7 Qxc7 14. Nxf6+ Kh8 15. Qe2 P@g7 16. Nh5 Ncxd4 17. cxd4 
Nxd4 18. B@c3 B@e5 19. P@e7 Rg8 20. Qd2 P@c5 21. Ne2 Qxe7 22. P@f4 Bf6 
23. Nxf6 gxf6 24. Nxd4 cxd4 25. Bxd4 N@e4 26. Qc2 P@d2+ 27. Kd1 P@d5 28. Bd3 
N@b4 29. Bxe4 Nxc2 30. Bxc2 e5 31. B@c5 P@d6 32. fxe5 fxe5 33. Bxa7 exd4 
34. Bxd4+ B@e5 35. Bxe5+ Qxe5 36. Kxd2 d4 37. Kc1 P@c3 38. bxc3 dxc3 39. P@g7+ 
Qxg7 40. N@g6+ hxg6 41. N@b3 P@b2+ 42. Kd1 Bg4+ 43. P@f3 bxa1=Q+ 44. N@b1 P@d2 
45. fxg4 R@e1+ 46. Rxe1 dxe1=Q+ 47. Kxe1 R@g1+ 48. R@f1 Rge8+ 49. P@e4 B@d2+ 50. Nxd2 
cxd2+ 51. Kxd2 N@c4+ 52. Kd3 N@f4+ 53. Kxc4 Qgd4+ 54. Kb3 Q@b4# 
{Blechkiste checkmated} 0-1

[Event "fics rated crazyhouse match"]
[Site "fics, Oklahoma City, OK USA"]
[Date "2001.01.17"]
[White "LINDEGREN"]
[WhiteElo "2331"]
[Black "Blechkiste"]
[BlackElo "2383"]
[TimeControl "180+0"]
[Result "0-1"]

1. e4 e6 2. d4 Nc6 3. Be3 d5 4. e5 Nge7 5. Nh3 Nf5 6. Be2 
Nxe3 7. fxe3 Qh4+ 8. N@f2 B@a5+ 9. c3 Qd8 10. O-O Bd7 11. Nd2 Bb6 
12. Bh5 g6 13. Bf3 Bg7 14. Nd3 Nxe5 15. Nxe5 Bxe5 16. dxe5 Bxe3+ 17. Kh1 
P@g7 18. Qe2 Bb6 19. B@g5 Qb8 20. Bxd5 exd5 21. P@h6 B@f8 22. hxg7 Bxg7 
23. P@h6 Bxh6 24. N@f6+ Kd8 25. Bxh6 Bxh3 26. gxh3 N@h4 27. B@f3 P@e4 28. Nfxe4 
dxe4 29. Bg5+ Ke8 30. Bxh4 exf3 31. Qxf3 B@c6 32. P@d5 P@g2+ 33. Qxg2 N@e3 
34. dxc6 Nxg2 35. P@d7+ Kf8 36. B@h6+ P@g7 37. Bxg7+ Kg8 38. Bhf6 N@f5 39. Rxf5 
h6 40. Bxh8 Qf8 41. P@g7 Qd8 42. Bxd8 Q@b1+ 43. Rxb1 f6 
{LINDEGREN forfeits on time} 0-1

[Event "fics rated crazyhouse match"]
[Site "fics, Oklahoma City, OK USA"]
[Date "2001.01.17"]
[White "Blechkiste"]
[WhiteElo "2390"]
[Black "LINDEGREN"]
[BlackElo "2324"]
[TimeControl "180+0"]
[Result "1-0"]

1. e4 Nf6 2. Nc3 Nc6 3. d4 d5 4. e5 Ne4 5. Nxe4 dxe4 6. Be3 
e6 7. N@g5 Qd5 8. Qd2 N@f5 9. Ne2 Bb4 10. c3 Be7 11. Nf4 Qa5 
12. Nxe4 Ncxd4 13. Bxd4 Nxd4 14. N@c4 Qd5 15. Nxd5 exd5 16. cxd4 dxe4 17. N@b5 
O-O 18. Nxc7 B@g5 19. P@f4 Bxf4 20. Qxf4 N@c2+ 21. Kd2 Nxa1 22. Nxa8 R@c2+ 
23. Kd1 N@d5 24. Qxe4 Rxc4 25. Bxc4 N@c3+ 26. bxc3 Nxc3+ 27. Ke1 Nxe4 28. Bxf7+ 
Kh8 29. R@e2 P@d2+ 30. Rxd2 Nxd2 31. R@c7 R@b1+ 32. N@c1 Ne4 33. B@e3 P@d2+ 
34. Bxd2 Rxc1+ 35. Rxc1 N@d3+ 36. Ke2 
{LINDEGREN forfeits on time} 1-0

[Event "fics rated crazyhouse match"]
[Site "fics, Oklahoma City, OK USA"]
[Date "2001.01.17"]
[White "LINDEGREN"]
[WhiteElo "2317"]
[Black "venomous"]
[BlackElo "2432"]
[TimeControl "60+0"]
[Result "0-1"]

1. e4 Nf6 2. Nc3 d5 3. exd5 Nxd5 4. d4 Nc6 5. Nf3 e6 6. Bb5 
Bd7 7. Nxd5 exd5 8. Bxc6 bxc6 9. Qe2+ P@e4 10. Ne5 B@f6 11. N@g4 Bxg4 
12. Nxg4 N@h4 13. f3 Bxd4 14. B@e3 Bxe3 15. Bxe3 B@b5 16. P@d3 exd3 17. cxd3 
Bxd3 18. Qxd3 Nxg2+ 19. Kf2 N@f4 20. Bxf4 Nxf4 21. Qe3+ Qe7 22. Qxf4 B@g5 
23. P@d7+ Kxd7 24. N@e5+ Ke8 25. B@d7+ Qxd7 26. Nxd7 B@h4+ 27. B@g3 Bxf4 28. Rae1+ 
P@e3+ 29. Nxe3 Q@d2+ 30. Kf1 Bxe3 31. N@f6+ Bxf6 32. Nxf6+ gxf6 33. P@d7+ Ke7 
34. N@c8+ Kxd7 35. B@h3+ P@e6 36. Rxe3 Qxe3 
{LINDEGREN resigns} 0-1

[Event "fics rated crazyhouse match"]
[Site "fics, Oklahoma City, OK USA"]
[Date "2001.01.17"]
[White "venomous"]
[WhiteElo "2437"]
[Black "LINDEGREN"]
[BlackElo "2312"]
[TimeControl "60+0"]
[Result "1-0"]

1. e4 Nf6 2. Nc3 Nc6 3. Nf3 d5 4. exd5 Nxd5 5. Bc4 e6 6. d4 
Bb4 7. Bd2 P@a3 8. Bxd5 exd5 9. bxa3 Bxc3 10. Bxc3 Qe7+ 11. P@e5 N@e4 
12. B@d2 B@h5 13. P@e2 O-O 14. O-O f6 15. exf6 Rxf6 16. P@e5 Rg6 17. N@g3 
Bxf3 18. exf3 Nxc3 19. Bxc3 P@h3 20. gxh3 Bxh3 21. N@f4 Bxf1 22. Qxf1 N@g5 
23. P@g2 R@f8 24. Nxg6 hxg6 25. B@f6 gxf6 26. exf6 Rxf6 27. P@e5 P@g7 28. exf6 
gxf6 29. Re1 P@e6 30. B@h4 N@f4 31. Bxg5 fxg5 32. N@h6+ Kh8 33. R@f7 B@g7 
34. Rxe7 Nxe7 35. R@f7 R@h7 36. Rxe7 Rxh6 37. N@f7+ Kh7 38. Nxg5+ Kh8 39. Nf7+ 
Kh7 40. Nxh6 Kxh6 41. R@h4+ N@h5 42. Rxg7 Kxg7 43. B@e5+ P@f6 44. Bxf4 R@h7 
45. P@h6+ Kf7 46. Nxh5 B@e7 47. N@g5+ fxg5 48. N@e5+ Ke8 49. Q@d7# 
{LINDEGREN forfeits on time} 1-0

[Event "fics rated crazyhouse match"]
[Site "fics, Oklahoma City, OK USA"]
[Date "2001.01.17"]
[White "LINDEGREN"]
[WhiteElo "2307"]
[Black "venomous"]
[BlackElo "2442"]
[TimeControl "60+0"]
[Result "1-0"]

1. e4 Nf6 2. Nc3 d5 3. exd5 Nxd5 4. Nf3 Nc6 5. d4 e6 6. Bb5 
Bd7 7. O-O Nxc3 8. bxc3 P@f6 9. Bd2 Bd6 10. Qe2 N@d5 11. N@h5 Rg8 
12. P@e4 Nb6 13. Rae1 Qe7 14. Bd3 e5 15. d5 Nd8 16. Nh4 a6 17. c4 
Na4 18. Nf5 Bxf5 19. exf5 N@d4 20. Qd1 Nb2 21. Qb1 Nxd3 22. cxd3 B@c2 
23. Qc1 Bxd3 24. B@e6 Bxf1 25. Bxf7+ Nxf7 26. P@e6 Bxg2 27. Kxg2 B@f3+ 28. Kg3 
P@f4+ 29. Nxf4 exf4+ 30. Bxf4 N@h5+ 31. Kh3 Nxf4+ 32. Qxf4 Bxf4 33. P@d7+ Kf8 
34. N@g6# 
{venomous resigns} 1-0

[Event "fics rated crazyhouse match"]
[Site "fics, Oklahoma City, OK USA"]
[Date "2001.01.17"]
[White "venomous"]
[WhiteElo "2431"]
[Black "LINDEGREN"]
[BlackElo "2318"]
[TimeControl "60+0"]
[Result "1-0"]

1. e4 Nf6 2. Nc3 Nc6 3. Nf3 d5 4. exd5 Nxd5 5. Bc4 e6 6. d4 
Bb4 7. Bd2 Qe7 8. O-O Bxc3 9. bxc3 Nb6 10. Bb5 Bd7 11. Re1 a6 
12. Bf1 Nd5 13. c4 Nf6 14. d5 O-O 15. dxc6 Bxc6 16. P@d5 Nxd5 17. cxd5 
Bxd5 18. N@f5 Qf6 19. B@g5 Qxf5 20. N@e7+ Kh8 21. Nxf5 exf5 22. Bc3 f6 
23. Qxd5 P@g4 24. Bgxf6 gxf6 25. P@g7+ Kxg7 26. Q@e7+ Kh6 27. B@f4+ Kg6 28. Nh4+ 
Kh5 29. Qxf5+ Kxh4 30. P@g3# 
{LINDEGREN checkmated} 1-0

[Event "fics rated crazyhouse match"]
[Site "fics, Oklahoma City, OK USA"]
[Date "2001.01.17"]
[White "LINDEGREN"]
[WhiteElo "2313"]
[Black "venomous"]
[BlackElo "2436"]
[TimeControl "60+0"]
[Result "0-1"]

1. e4 Nf6 2. Nc3 Nc6 3. d4 d5 4. e5 Ne4 5. Be3 Bf5 6. Be2 
e6 7. Nxe4 dxe4 8. N@g3 Bg6 9. Nh3 N@h4 10. O-O Nxg2 11. Kxg2 P@f3+ 
12. Bxf3 exf3+ 13. Qxf3 Nxd4 14. P@e4 Nxf3 15. Kxf3 P@g4+ 16. Kxg4 h5+ 17. Kf3 
B@g4+ 18. Kg2 Q@f3+ 19. Kg1 Bxh3 20. N@f4 Bxe4 21. Nxe4 N@e2# 
{LINDEGREN resigns} 0-1

[Event "fics rated crazyhouse match"]
[Site "fics, Oklahoma City, OK USA"]
[Date "2001.01.17"]
[White "venomous"]
[WhiteElo "2441"]
[Black "LINDEGREN"]
[BlackElo "2308"]
[TimeControl "60+0"]
[Result "1-0"]

1. e4 Nf6 2. Nc3 Nc6 3. Nf3 d5 4. exd5 Nxd5 5. Bc4 e6 6. d4 
Bb4 7. Bd2 Qe7 8. O-O Bxc3 9. bxc3 Bd7 10. Re1 Nb6 11. Bb5 O-O 
12. P@h6 gxh6 13. Bxh6 f5 14. B@h4 P@f6 15. P@e5 P@g7 16. exf6 gxf6 17. Bxf8 
Qxf8 18. P@g5 P@g4 19. gxf6 gxf3 20. Qxf3 B@g4 21. R@g5+ N@g6 22. Rxg4 fxg4 
23. Qxg4 R@f4 24. Qg3 Rxh4 25. Bxc6 Bxc6 26. N@e7+ Kf7 27. Nxg6 hxg6 28. N@e5+ 
Ke8 29. f7+ Kd8 30. B@g5+ Kc8 31. Bxh4 N@f5 32. R@g8 
{LINDEGREN resigns} 1-0

[Event "fics rated crazyhouse match"]
[Site "fics, Oklahoma City, OK USA"]
[Date "2001.01.17"]
[White "LINDEGREN"]
[WhiteElo "2303"]
[Black "venomous"]
[BlackElo "2446"]
[TimeControl "60+0"]
[Result "1-0"]

1. e4 Nf6 2. Nc3 Nc6 3. d4 d5 4. e5 Ne4 5. Nxe4 dxe4 6. Be3 
N@f5 7. c3 Nxe3 8. fxe3 e6 9. Be2 Be7 10. Nh3 Bh4+ 11. g3 B@g2 
12. gxh4 Bxh3 13. N@f4 N@g2+ 14. Nxg2 Bxg2 15. Rg1 Bf3 16. Bxf3 exf3 17. Qxf3 
N@c2+ 18. Kf2 Nxa1 19. Rxa1 R@c2+ 20. P@e2 B@a6 21. N@f4 Qxh4+ 22. B@g3 Qe7 
23. N@h5 Rg8 24. B@f6 gxf6 25. Nxf6+ Qxf6 26. exf6 N@f5 27. P@e7 Nfxe7 28. fxe7 
Nxe7 29. N@f6+ Kd8 30. Nxg8 Nxg8 31. R@f8+ B@e8 32. Rxg8 Bd7 33. Bh4+ P@e7 
34. Bxe7+ Kxe7 35. N@d5+ exd5 36. Nxd5+ Kd6 37. Q@c5+ Ke6 38. Qf6# 
{venomous checkmated} 1-0

[Event "fics rated crazyhouse match"]
[Site "fics, Oklahoma City, OK USA"]
[Date "2001.01.17"]
[White "venomous"]
[WhiteElo "2435"]
[Black "LINDEGREN"]
[BlackElo "2314"]
[TimeControl "60+0"]
[Result "0-1"]

1. e4 Nf6 2. Nc3 Nc6 3. Nf3 e6 4. d4 Bb4 5. Bd3 d5 6. exd5 
Nxd5 7. Bd2 P@a3 8. Nxd5 Bxd2+ 9. Qxd2 axb2 10. Nxc7+ Qxc7 11. Rd1 B@c1 
12. Rxc1 P@c3 13. Qd1 bxc1=Q 14. Qxc1 Nxd4 15. N@b5 Nxf3+ 16. gxf3 P@d2+ 17. Kf1 
dxc1=Q+ 18. Kg2 N@f4# 
{venomous resigns} 0-1

[Event "fics rated crazyhouse match"]
[Site "fics, Oklahoma City, OK USA"]
[Date "2001.01.17"]
[White "LINDEGREN"]
[WhiteElo "2325"]
[Black "venomous"]
[BlackElo "2424"]
[TimeControl "60+0"]
[Result "1-0"]

1. e4 Nf6 2. Nc3 Nc6 3. d4 d5 4. e5 Ne4 5. Be3 Bf5 6. Nxe4 
dxe4 7. Ne2 e6 8. Ng3 Bg6 9. Be2 Bb4+ 10. c3 Be7 11. O-O N@d3 
12. N@h5 Rg8 13. Rb1 Rb8 14. f3 exf3 15. Bxf3 Ndxe5 16. dxe5 Nxe5 17. Qxd8+ 
Rxd8 18. Q@b5+ P@c6 19. Qxe5 Bxb1 20. Rxb1 P@c2 21. Rf1 R@d1 22. Nxg7+ Rxg7 
23. Qxg7 Rxf1+ 24. Nxf1 c1=Q 25. R@g8+ Kd7 26. N@e5+ Kc8 27. P@d7+ Kb8 28. R@c8# 
{venomous resigns} 1-0

[Event "fics rated crazyhouse match"]
[Site "fics, Oklahoma City, OK USA"]
[Date "2001.01.17"]
[White "venomous"]
[WhiteElo "2414"]
[Black "LINDEGREN"]
[BlackElo "2335"]
[TimeControl "60+0"]
[Result "1-0"]

1. e4 Nf6 2. Nc3 Nc6 3. Nf3 e6 4. d4 Bb4 5. Bd3 d5 6. e5 
Ne4 7. Bd2 Bxc3 8. bxc3 Qe7 9. O-O Nxd2 10. Qxd2 B@e4 11. Bxe4 dxe4 
12. Ng5 B@d5 13. N@e3 f6 14. exf6 gxf6 15. P@f7+ Kd8 16. B@g7 fxg5 17. B@f6 
Bd7 18. Bxe7+ Nxe7 19. Bxh8 P@h3 20. R@g8+ B@e8 21. fxe8=Q+ Bxe8 22. B@f7 N@d6 
23. Bxe8 Nxe8 24. B@f7 Kd7 25. Bxe8+ Rxe8 26. N@e5# 
{LINDEGREN resigns} 1-0

[Event "fics rated crazyhouse match"]
[Site "fics, Oklahoma City, OK USA"]
[Date "2001.01.17"]
[White "LINDEGREN"]
[WhiteElo "2329"]
[Black "venomous"]
[BlackElo "2420"]
[TimeControl "60+0"]
[Result "0-1"]

1. e4 Nf6 2. Nc3 Nc6 3. d4 d5 4. e5 Ne4 5. Be3 Bf5 6. Nge2 
Nxc3 7. Nxc3 e6 8. Be2 Bb4 9. O-O Bxc3 10. bxc3 N@e4 11. B@d2 Nxd2 
12. Bxd2 N@e4 13. N@g3 Nxd2 14. Qxd2 B@g5 15. f4 Bh4 16. Nxf5 exf5 17. N@h5 
Rg8 18. B@g5 Bxg5 19. fxg5 N@e4 20. Qe3 B@d2 21. Qf3 B@e3+ 22. Kh1 Qxg5 
23. Qxf5 Qxf5 24. Rxf5 P@f2 25. P@d7+ Kd8 26. B@h4+ f6 27. Bxf2 Nxf2+ 28. Rxf2 
Q@e7 29. exf6 gxf6 30. N@f5 Bxf2 31. Nxe7 Nxe7 32. N@e6+ Kxd7 33. Nc5+ Ke8 
34. Q@d7+ Kf8 35. Ne6+ Kf7 36. Ng5+ Rxg5 37. Q@e6+ Kg6 38. Qdxe7 N@g3+ 39. hxg3 
R@h2+ 40. Kxh2 N@g4+ 41. Bxg4 Bxg3# 
{LINDEGREN forfeits on time} 0-1

[Event "fics rated crazyhouse match"]
[Site "fics, Oklahoma City, OK USA"]
[Date "2001.01.17"]
[White "venomous"]
[WhiteElo "2426"]
[Black "LINDEGREN"]
[BlackElo "2323"]
[TimeControl "60+0"]
[Result "1-0"]

1. e4 Nf6 2. Nc3 Nc6 3. Nf3 e6 4. d4 Bb4 5. Bd3 d5 6. e5 
Ne4 7. Bd2 Bxc3 8. bxc3 Qe7 9. O-O Nxd2 10. Qxd2 N@e4 11. Bxe4 dxe4 
12. Ng5 B@d5 13. N@h5 Rg8 14. B@f6 gxf6 15. Nxf6+ Qxf6 16. exf6 N@f3+ 17. Nxf3 
exf3 18. N@g7+ Rxg7 19. fxg7 B@e7 20. g8=Q+ B@f8 21. N@h6 e5 22. P@g7 fxg2 
23. gxf8=Q+ Bxf8 24. Qxf8+ Kxf8 25. R@g8+ Ke7 26. Q@f8+ Ke6 27. B@f5+ Kf6 28. Qg5# 
{LINDEGREN checkmated} 1-0

[Event "fics rated crazyhouse match"]
[Site "fics, Oklahoma City, OK USA"]
[Date "2001.01.17"]
[White "LINDEGREN"]
[WhiteElo "2317"]
[Black "venomous"]
[BlackElo "2432"]
[TimeControl "60+0"]
[Result "0-1"]

1. e4 Nf6 2. Nc3 d5 3. e5 Ne4 4. d4 Nc6 5. Be2 Nxc3 6. bxc3 
N@e4 7. Bd2 e6 8. Nh3 Nxd2 9. Qxd2 B@h6 10. f4 Be7 11. O-O O-O 
12. N@g4 f5 13. Nxh6+ gxh6 14. Bh5 Bd7 15. Rf3 Be8 16. Rg3+ N@g6 17. Rf1 
Bh4 18. B@f6 Rxf6 19. exf6 Qxf6 20. N@e5 Bxg3 21. hxg3 P@g4 22. Bxg6 hxg6 
23. Nf2 R@h5 24. B@h2 B@g7 25. N@d7 Bxd7 26. Nxd7 Qe7 27. Ne5 Nxe5 28. fxe5 
N@c4 29. Qe2 N@e3 30. B@f6 Nxf1 31. Bxe7 Nxh2 32. Bf6 R@h1+ 33. Nxh1 B@e3+ 
34. R@f2 Bxf2+ 35. Qxf2 Nf3+ 36. gxf3 R@f7 37. Bxg7 Kxg7 38. N@f6 Rh8 39. N@e8+ 
Kf8 40. B@c5+ B@d6 41. Bxd6+ cxd6 42. R@g8+ Rxg8 43. Nxg8 Kxe8 44. Q@d7+ Kxd7 
{LINDEGREN forfeits on time} 0-1

[Event "fics rated crazyhouse match"]
[Site "fics, Oklahoma City, OK USA"]
[Date "2001.01.17"]
[White "venomous"]
[WhiteElo "2437"]
[Black "LINDEGREN"]
[BlackElo "2312"]
[TimeControl "60+0"]
[Result "0-1"]

1. e4 Nf6 2. Nc3 Nc6 3. Nf3 e6 4. d4 d5 5. e5 Ne4 6. Bd3 
Bb4 7. Bd2 Nxd2 8. Qxd2 Bxc3 9. bxc3 N@e4 10. Bxe4 dxe4 11. Ng5 B@g6 
12. N@g3 B@d5 13. N@f4 O-O 14. Nxg6 fxg6 15. N5xe4 Bxe4 16. Nxe4 N@h4 17. Rg1 
N@f3+ 18. gxf3 Nxf3+ 19. Kd1 Nxd2 20. P@f6 Nxe4 21. B@e3 Nxc3# 
{venomous resigns} 0-1

[Event "fics rated crazyhouse match"]
[Site "fics, Oklahoma City, OK USA"]
[Date "2001.01.17"]
[White "LINDEGREN"]
[WhiteElo "2323"]
[Black "venomous"]
[BlackElo "2426"]
[TimeControl "60+0"]
[Result "1-0"]

1. e4 Nf6 2. Nc3 d5 3. e5 Ne4 4. d4 Nc6 5. Nf3 Bg4 6. Be2 
e6 7. h3 Bxf3 8. Bxf3 Nxc3 9. bxc3 N@f5 10. O-O Be7 11. N@h5 Rg8 
12. B@g4 N@h4 13. Bxf5 exf5 14. Be3 B@e4 15. Bxe4 fxe4 16. B@g4 B@f3 17. gxf3 
Nxf3+ 18. Bxf3 exf3 19. Qxf3 B@e4 20. Qg4 Qd7 21. Nxg7+ Rxg7 22. Qxg7 N@f3+ 
23. Kh1 O-O-O 24. R@a8+ Nb8 25. B@g4 P@g2+ 26. Kxg2 Nh4+ 27. Kh2 f5 28. exf6 
Bd6+ 29. P@e5 Qxg4 30. Qxg4+ B@d7 31. N@e7+ Bxe7 32. fxe7 N@f3+ 33. Kg3 Re8 
34. B@f6 b6 35. P@a6 c6 36. Q@d8# 
{venomous resigns} 1-0

[Event "fics rated crazyhouse match"]
[Site "fics, Oklahoma City, OK USA"]
[Date "2001.01.17"]
[White "venomous"]
[WhiteElo "2416"]
[Black "LINDEGREN"]
[BlackElo "2333"]
[TimeControl "60+0"]
[Result "1-0"]

1. e4 Nf6 2. Nc3 Nc6 3. Nf3 e6 4. d4 Bb4 5. Bd3 d5 6. e5 
Ne4 7. Bd2 Bxc3 8. bxc3 Nxd2 9. Qxd2 N@e4 10. Bxe4 dxe4 11. B@h4 B@g6 
12. Bxd8 Nxd8 13. Nh4 B@h6 14. N@e3 Bh5 15. N@b5 B@b6 16. a4 a5 17. c4 
O-O 18. c5 Bd7 19. cxb6 Bxb5 20. bxc7 Nc6 21. axb5 N@c4 22. Nxc4 Bxd2+ 
23. Kxd2 Nxd4 24. N@h6+ Kh8 25. Q@e3 Nxb5 26. P@f6 Rg8 27. Nxg8 P@d4 28. fxg7+ 
Kxg8 29. R@h8+ Kxg7 30. B@f6# 
{LINDEGREN checkmated} 1-0